 Dungeon Crawl Stone Soup version 0.24-a0-408-gcc1054c7ca (webtiles) character file.

Game seed: 519965936413286497

13 emperorscorpion the Skirmisher (level 2, 0/24 HPs)
             Began as a Demonspawn Berserker on June 5, 2019.
             Was a Follower of Trog.
             Slain by a leopard gecko (4 damage)
             ... on level 1 of the Dungeon.
             The game lasted 00:01:07 (249 turns).

emperorscorpion the Skirmisher (DsBe)                Turns: 249, Time: 00:01:08

Health: 0/24       AC:  2    Str: 17    XL:     2   Next: 24%
Magic:  2/2        EV: 12    Int:  8    God:    Trog [*.....]
Gold:   23         SH:  0    Dex: 12    Spells: 1/1 levels left

rFire    . . .     SeeInvis .   a - +0 hand axe
rCold    . . .     Gourm    .   (no shield)
rNeg     . . .     Faith    .   b - +0 animal skin
rPois    .         Spirit   .   (no helmet)
rElec    .         Reflect  .   (no cloak)
rCorr    .         Harm     .   (no gloves)
MR       .....                  (no boots)
Stlth    +.........             (no amulet)
HPRegen  0.08/turn              (no ring)
MPRegen  0.08/turn              (no ring)

@: berserk cooldown, slowed, very slow
A: talons 1
a: Berserk, Renounce Religion


You were on level 1 of the Dungeon.
You worshipped Trog.
Trog was aware of your devotion.
You were not hungry.

You visited 1 branch of the dungeon, and saw 1 of its levels.

You collected 23 gold pieces.

Inventory:

Hand Weapons
 a - a +0 hand axe (weapon)
Armour
 b - a +0 animal skin (worn)
Potions
 e - a potion of heal wounds {unknown}
Comestibles
 c - a ration
 d - a chunk of flesh


   Skills:
 + Level 3.4 Fighting
 + Level 2.8 Axes
 + Level 2.0 Armour
 + Level 1.8 Dodging


You had one spell level left.
You didn't know any spells.
Your spell library was empty.

Dungeon Overview and Level Annotations

Branches:
Dungeon (1/15)

Altars:


Innate Abilities, Weirdness & Mutations

You have sharp toenails.


Message History

Found 7 gold pieces.
You completely miss the bat.
The leopard gecko hisses angrily.
The bat barely misses you. The bat barely misses you.
You closely miss the bat. Your kick misses the bat. The bat hits you.
* * * LOW HITPOINT WARNING * * *
The leopard gecko bites you.
* * * LOW HITPOINT WARNING * * *
You barely miss the leopard gecko. Your kick misses the leopard gecko.
The bat hits you.
* * * LOW HITPOINT WARNING * * *
The leopard gecko bites you.
* * * LOW HITPOINT WARNING * * *
The leopard gecko closely misses you.
You closely miss the leopard gecko. Your kick misses the leopard gecko.
The bat hits you but does no damage. The leopard gecko barely misses you. x2
You closely miss the leopard gecko. Your kick misses the leopard gecko.
The bat hits you but does no damage. The leopard gecko bites you.
You die...

### ... #.# ##
### #.#
#..##..##.#####
...$....#.....#
..........###.#
.....bl@..# #)#
....>...#.# #.#
........#.# #.#
....?.....# #.#
..........# #(#
........### #.#
#..##..## #.#
##. ##. #.# #.#


You could see a leopard gecko and a bat.

Vanquished Creatures
  A gnoll (D:1)
  A ball python (D:1)
  A kobold (D:1)
  A bat (D:1)
  A rat (D:1)
5 creatures vanquished.

Notes
Turn   | Place    | Note
-------+----------+-------------------------------------------
     0 | D:1      | emperorscorpion the Demonspawn Berserker began the quest
                  | for the Orb.
     0 | D:1      | Reached XP level 1. HP: 18/18 MP: 1/1
   233 | D:1      | Gained mutation: You have sharp toenails. [demonic
                  | ancestry]
   233 | D:1      | Reached XP level 2. HP: 12/24 MP: 2/2
   249 | D:1      | Slain by a leopard gecko

Levels and vault maps discovered:
D:1:      sevenhm_arrival_forest_fort_large_1, layout_loops_ring, st_stairs_5,
          minmay_misc_feat_roman, skrybe_limestone_x

Skill      XL: |  1 |
---------------+----+-----
Armour         | 2 |  2.0
Fighting       | |  3.4
Axes           | |  2.8
Dodging        | |  1.8

Action                   || total
-------------------------++-------
Melee: Hand axe          ||    18
Invok: Berserk           ||     1
Armor: Animal skin       ||     3
Dodge: Dodged            ||    19

Table legend:
 A = Non-vault XP
 B = Vault XP
 C = Vault XP percentage of total XP
 D = Non-vault monster count
 E = Vault monster count
 F = Vault count percentage of total count
                 A         B        C        D         E       F
            +---------+---------+-------+---------+---------+-------
      Total |      15 |       4 |  21.1 |       2 |       3 |  60.0
            +---------+---------+-------+---------+---------+-------
        D:1 |      15 |       4 |  21.1 |       2 |       3 |  60.0
            +---------+---------+-------+---------+---------+-------
